 Dungeon Crawl Stone Soup version 0.13.0-59-g13bd910 (webtiles) character file.

295 Impozify the Bolt Thrower (level 5, -6/31 HPs)
             Began as a Kobold Hunter on Nov 19, 2013.
             Mangled by Grinder (8 damage)
             ... on Level 3 of the Dungeon.
             The game lasted 00:07:45 (1547 turns).

Impozify the Bolt Thrower (Kobold Hunter)           Turns: 1547, Time: 00:07:47

HP  -6/31        AC  8     Str 12      XL: 5   Next:  3%
MP   4/4         EV  9     Int  9      God:
Gold 195         SH  0     Dex 16      Spells:  0 memorised,  4 levels left

Res.Fire  : . . .   See Invis. : .   b - +1 crossbow
Res.Cold  : . . .   Warding    : .   e - +0 scale mail
Life Prot.: . . .   Conserve   : .   (no shield)
Res.Poison: .       Res.Corr.  : .   (no helmet)
Res.Elec. : .       Clarity    : .   v - +1 cloak
Sust.Abil.: . .     Spirit.Shd : .   (no gloves)
Res.Mut.  : .       Stasis     : .   (no boots)
Res.Rott. : .       Flight     : .   (no amulet)
Saprovore : + + .                    (no ring)
                                     (no ring)

@: slightly resistant to hostile enchantments, extremely unstealthy
A: disease resistance, carnivore 3, saprovore 2
a: no special abilities


You were on level 3 of the Dungeon.
You were not hungry.

You visited 1 branch of the dungeon, and saw 3 of its levels.

You collected 175 gold pieces.

Inventory:

Hand weapons
 a - a +0,+0 short sword
 b - a +1,+1 crossbow (weapon)
Missiles
 c - 5 bolts (quivered)
Armour
 e - a +0 scale mail (worn)
 t - a +1 dwarven cloak
 v - a +1 cloak (worn)
Comestibles
 f - a meat ration
 h - a sausage
Scrolls
 g - 4 scrolls of teleportation {unknown}
 j - a scroll of enchant weapon II {unknown}
 k - 3 scrolls of identify {unknown}
 n - a scroll of curse weapon {unknown}
 r - a scroll of recharging {unknown}
 s - a scroll of remove curse {unknown}
 u - a scroll of amnesia {unknown}
Potions
 d - a potion of invisibility {unknown}
 i - 3 potions of curing {unknown}
 l - a potion of speed {unknown}
 m - a potion of might {unknown}
 o - a potion of cure mutation {unknown}
 p - 2 potions of heal wounds {unknown}
 q - 2 potions of poison {unknown}


   Skills:
 + Level 3.0 Fighting
 * Level 6.4 Crossbows
 - Level 2.4 Dodging
 - Level 1.3 Stealth


You had 4 spell levels left.
You didn't know any spells.

Dungeon Overview and Level Annotations

Branches:
Dungeon (3/27)

Altars:
Elyvilon

Annotations:
D:3 Grinder


Innate Abilities, Weirdness & Mutations

You recuperate from illness quickly.
You are small and have problems with some larger weapons.
You are carnivorous and can eat meat at any time.
You can eat rotten meat.


Message History

Grinder gestures at you. Pain shoots through your body!
Firing (i - inventory):
c - 7 bolts (quivered)
Press: ? - help, Shift-Dir - straight line, f/p - Grinder
Aim: Grinder (moderately wounded)
You shoot a bolt. The bolt hits Grinder.
Grinder is moderately wounded.
Grinder hits you.
You writhe in agony.
* * * LOW HITPOINT WARNING * * *
Firing (i - inventory):
c - 6 bolts (quivered)
Press: ? - help, Shift-Dir - straight line, f/p - Grinder
Aim: Grinder (moderately wounded)
You shoot a bolt. The bolt hits Grinder.
Grinder is heavily wounded.
Grinder hits you.
* * * LOW HITPOINT WARNING * * *
You writhe in agony.
* * * LOW HITPOINT WARNING * * *
Grinder hits you!
You die...

#..........#.# #.(.....#
#..>.......#.####.......#
#..........#...##.......#
#..........###..........#
######'##### ####.......#
#.# ##.###### #.###
#....... #...# ########'
###@# .........
.../...5...# .........
).........+ .........
......(...# ........%
..........# .........
.(.......# ........
######### ########


You could see Grinder.

Vanquished Creatures
  4 adders
  2 worms (D:2)
  A giant gecko (D:2)
  4 orcs (D:3)
  4 goblins
  6 hobgoblins
  2 jackals (D:2)
  2 ball pythons
  6 bats
  6 giant cockroaches
  6 giant newts
  4 kobolds
  A quokka (D:3)
  4 rats
52 creatures vanquished.

Notes
Turn   | Place    | Note
--------------------------------------------------------------
     0 | D:1      | Impozify, the Kobold Hunter, began the quest for the Orb.
     0 | D:1      | Reached XP level 1. HP: 12/12 MP: 0/0
    53 | D:1      | Reached skill level 5 in Crossbows
    92 | D:1      | Reached XP level 2. HP: 17/17 MP: 1/1
   453 | D:2      | Reached XP level 3. HP: 17/21 MP: 2/2
   715 | D:2      | Reached XP level 4. HP: 27/27 MP: 3/3
   789 | D:2      | Reached skill level 6 in Crossbows
  1355 | D:3      | Found a white marble altar of Elyvilon.
  1463 | D:3      | Reached XP level 5. HP: 31/31 MP: 4/4
  1536 | D:3      | Noticed Grinder
  1538 | D:3      | Paralysed by Grinder for 7 turns
  1547 | D:3      | Mangled by Grinder

Action                   |  1- 3 |  4- 6 || total
-------------------------+-------+-------++-------
 Fire: Crossbow          |    51 |    44 ||    95
